Zazza, neutral female human Tourist --------------- +....<...q....|d |.........q....#@)# |.q...........| |.............| |q............| --------------- Zazza the Rambler Experience level: 1 Strength: 11 Dexterity: 14 Constitution: 15 Intelligence: 12 Wisdom: 6 Charisma: 18 Health: 0(15) Energy: 2(2) Def: 2 Gold: 1113 Moves: 1617 Dungeon seed: EJqu2MrIE0FvCgkf Game ID: Zazza_1619374436 Your Inventory: Coins $ - 1113 gold pieces Weapons a - 35 +2 darts (in quiver) u - 4 +1 darts E - a +0 sling G - 9 +0 crossbow bolts J - a blessed +1 orcish dagger (weapon in hand) Armor e - an uncursed +0 Hawaiian shirt (being worn) K - an uncursed +0 orcish helm (being worn) N - an uncursed +0 pair of jumping boots (being worn) P - an uncursed +0 orcish helm Y - an uncursed +0 pair of kicking boots Comestibles b - 2 uncursed tripe rations c - an uncursed egg Scrolls x - a cursed scroll of remove curse A - an uncursed scroll of teleportation I - an uncursed scroll of remove curse M - a cursed scroll of create monster Potions k - 2 uncursed potions of extra healing Rings R - an uncursed ring of protection from shape changers (on left hand) Wands q - a wand of speed monster (0:2) Tools m - an expensive camera (0:99) n - an uncursed credit card p - a tinning kit (0:64) r - an uncursed mirror t - an uncursed towel B - an uncursed tooled horn Gems y - an uncursed worthless piece of blue glass z - an uncursed worthless piece of orange glass Q - an uncursed agate stone Spells and supernatural/magical abilities: Name Level Category Fail Memory W - pray for help -- divine ? -- Y - supernatural jump -- ability ? -- Your skills at the end: Fighting Skills Weapon Skills dart [Basic] Spellcasting Skills Final Attributes: You were stridently aligned. You could jump. You were protected from shape changers. You were fast. You are dead. Vanquished creatures: a little dog 3 orc zombies a wererat an acid blob a hobbit a large kobold 2 giant rats 2 geckos 2 jackals 2 kobolds 3 goblins 4 sewer rats 4 grid bugs 2 bats 2 lichens a kobold zombie 32 creatures vanquished. Voluntary challenges: You used a wielded weapon 2 times, starting on turn 1284. You read items or engraved 9 times, starting on turn 97. You never genocided any monsters. You never polymorphed an object. You never changed form. You used no wishes. You never split a pudding. You wrote Elbereth's name 3 times, starting on turn 185. You violated your moral code, losing 1 point of alignment, starting on turn 585. Dungeon overview: The Dungeons of Doom: levels 1 to 7 Level 1 a long staircase Level 2 a fountain Level 3 stairs to The Gnomish Mines Level 4 Level 5 some fountains Level 6 a fountain Level 7 <- You were here The Gnomish Mines: Level 4 stairs to The Dungeons of Doom History has recorded: On T:1 you entered the Dungeons of Doom to retrieve the Amulet of Yendor! On T:87 you reached level 2 of The Dungeons of Doom. On T:522 you reached level 3 of The Dungeons of Doom. On T:823 you reached level 1 of The Gnomish Mines. On T:973 you reached level 4 of The Dungeons of Doom. On T:1247 you reached level 5 of The Dungeons of Doom. On T:1468 you reached level 6 of The Dungeons of Doom. On T:1604 you reached level 7 of The Dungeons of Doom. Score breakdown: Gold: 1049 (10277 points) Experience: 1 level ( 0 points) Exploration: 7 levels ( 14.29%) (10606 points) Discoveries: 4 items ( 1.34%) ( 3475 points) Valuables value: (no points given unless you survive) Artifact value: 0 ( 0 points) Variety of kills: 16 monsters ( 4.20%) ( 6147 points) Turncount: 1617 turns ( 0 points) Survival: died (score multiplied by 80%) Total score: 24404 Latest messages: The rothe misses Armand. (3x) Armand misses the rothe. You start playing the horn. You produce a frightful, grave sound. The rothe turns to flee! (2x) Armand misses the rothe. You displace Armand. You are hit by an arrow. (2x) You are almost hit by an arrow. You displace Armand. You see here an arrow. You hear the footsteps of a guard on patrol. As you read the scroll, it disappears. You feel like someone is helping you. (You can name a scroll labeled FOOBIE BLETCH from the item naming menu.) The jackal bites! You begin praying to The Lady. It is missed. You are hit by an arrow! You die... Final status: Aloha Zazza the Tourist, killed by an arrow, while praying... You died in The Dungeons of Doom on dungeon level 7 with 24404 points, and 1113 pieces of gold, after 1617 moves. You were level 1 with a maximum of 15 hit points when you died.